 Dungeon Crawl Stone Soup version 0.30-a0-605-gb2882149bf (webtiles) character file.

Game seed: 3971429418930193884

198 Demosthentine the Ducker (level 5, -4/41 HPs)
             Began as a Demonspawn Gladiator on Jan 8, 2023.
             Killed by divine providence
             ... invoked by an orc priest
              (12 damage)
             ... on level 3 of the Dungeon.
             The game lasted 00:03:11 (2883 turns).

Demosthentine the Ducker (Demonspawn Gladiator)     Turns: 2883, Time: 00:03:12

Health: -4/41      AC:  4    Str: 16    XL:     5   Next: 47%
Magic:  0/5        EV: 13    Int:  5    God:
Gold:   173        SH:  0    Dex: 14    Spells: 4/4 levels left

rFire   . . .      SeeInvis .    q - +4 spear (heavy)
rCold   . . .      Faith    .    (no shield)
rNeg    . . .      Spirit   +    b - +0 leather armour
rPois   .          Reflect  .    p - +1 hat
rElec   .          Harm     .    (no cloak)
rCorr   +          Rampage  .    (no gloves)
Will    .....                    (no boots)
Stlth   ++                       a - amulet "Eryen" {Spirit rCorr Int-5 Stlth+}
HPRegen 0.26/turn                (no ring)
MPRegen 0.18/turn                (no ring)

@: no status effects
A: magic regeneration, demonic magic 1
a: no special abilities


You were on level 3 of the Dungeon.
You visited 1 branch of the dungeon, and saw 4 of its levels.

You collected 173 gold pieces.

Inventory:

Hand Weapons
 q - a +4 heavy spear (weapon)
Missiles
 d - 3 throwing nets (quivered)
 e - a javelin
Armour
 b - a +0 leather armour (worn)
 p - a +1 hat (worn)
Jewellery
 a - the amulet "Eryen" (around neck) {Spirit rCorr Int-5 Stlth+}
   (You acquired it on level 1 of the Dungeon)

   [amulet of guardian spirit]

   It causes incoming damage to be divided between your reserves of health and
   magic.
   Int:       It affects your intelligence (-5).
   rCorr:     It protects you from acid and corrosion.
   Stlth:     It makes you more stealthy.
 r - a +5 ring of evasion
 t - a ring of magical power
Wands
 u - a wand of flame (53)
Scrolls
 g - 2 scrolls of blinking
Potions
 f - a potion of heal wounds
 h - a potion of mutation
 i - a potion of haste
 j - a potion of might
 k - 2 potions of brilliance {unknown}
 l - 4 potions of curing {unknown}
 n - 2 potions of flight {unknown}
 o - a potion of berserk rage
 s - a potion of cancellation {unknown}


   Skills:
 + Level 3.3 Fighting
 + Level 3.6 Polearms
 - Level 1.7 Throwing
 + Level 2.2 Armour
 + Level 3.6 Dodging


You had 4 spell levels left.
You didn't know any spells.
Your spell library was empty.

Dungeon Overview and Level Annotations

Branches:
Dungeon (4/15)
 Temple: D:4-7

Altars:
Dithmenos

Annotations:
D:4 Robin


Innate Abilities, Weirdness & Mutations

You regenerate magic rapidly.
Spells you cast may paralyse adjacent enemies.


Message History

You closely miss the kobold. The iguana barely misses you.
The kobold hits you with a +0 whip. The orc hits you with a +0 mace.
The hobgoblin closely misses you.
You miss the kobold. The iguana barely misses you.
The kobold closely misses you. The orc hits you with a +0 mace.
The hobgoblin barely misses you. The iguana bites you.
The hobgoblin barely misses you. The orc closely misses you.
The kobold closely misses you.
You feel much better.
The iguana bites you but does no damage.
The kobold hits you but does no damage. The orc misses you.
The hobgoblin closely misses you.
You closely miss the kobold.
The iguana hisses menacingly.
The iguana closely misses you. The kobold closely misses you.
The orc hits you with a +0 mace. The hobgoblin hits you.
You miss the kobold. The iguana closely misses you.
The kobold completely misses you.
The orc priest begins to cast a cantrip, but forgets the words!
The orc hits you with a +0 mace! The hobgoblin barely misses you.
You barely miss the kobold. The iguana completely misses you.
The kobold hits you but does no damage. The orc misses you.
The hobgoblin hits you but does no damage.
The iguana misses you. The hobgoblin misses you.
The orc hits you but does no damage. The kobold hits you but does no damage.
The orc priest miscasts a cantrip.
Unknown command.
You hit the kobold.
You kill the kobold!
The iguana bites you!
* * * LOW HITPOINT WARNING * * *
The hobgoblin misses you. The orc hits you but does no damage.
You puncture the goblin!
You kill the goblin!
The iguana bites you.
* * * LOW HITPOINT WARNING * * *
The hobgoblin closely misses you. The orc hits you but does no damage.
The orc priest calls down the wrath of Beogh upon you.
Beogh smites you!
You die...

#..# #..## #.## ##.#.##
#.# ##.###.#############
#.# #.## ##.............
#.#
#####.###.###########.#
#.# ##...##.#.## #.#
#.######.....#o.## #.#
#.<..........#gl########
#.#
########.....#@o(......#
#.# ##...###)######.#
#.# ##.## #)# #.# #.#
#.# #.# #.# #.# #.# #.#
#.# #.# #.# #.# #.# #..
#.####.# #.# ###
#......# #.# ########
#.#


You could see an iguana, an orc priest, an orc and a hobgoblin.

Vanquished Creatures
  A hound (D:3)
  2 orc wizards (D:3)
  A gnoll (D:2)
  2 adders (D:3)
  A dart slug (D:3)
  15 orcs (D:3)
  8 endoplasms
  2 giant cockroaches
  3 hobgoblins
  7 kobolds
  5 quokkas
  2 ball pythons
  7 bats
  6 frilled lizards
  5 goblins
  8 rats
75 creatures vanquished.

Notes
Turn   | Place    | Note
-------+----------+-------------------------------------------
     0 | D:1      | Demosthentine the Demonspawn Gladiator began the quest for
                  | the Orb.
     0 | D:1      | Reached XP level 1. HP: 16/16 MP: 1/1
    93 | D:1      | Gained mutation: You regenerate magic rapidly. [demonic
                  | ancestry]
    93 | D:1      | Reached XP level 2. HP: 22/22 MP: 2/2
   426 | D:1      | Reached skill level 1 in Armour
   449 | D:1      | Reached XP level 3. HP: 28/28 MP: 3/3
   914 | D:1      | Identified a scroll of acquirement
   914 | D:1      | Acquired the amulet "Eryen" {Spirit rCorr Int-5 Stlth+}
  1919 | D:3      | Found a faded altar of an unknown god.
  1955 | D:3      | Gained mutation: Spells you cast may paralyse adjacent
                  | enemies. [demonic ancestry]
  1955 | D:3      | Reached XP level 4. HP: 27/34 MP: 4/4
  2117 | D:3      | Reached XP level 5. HP: 38/41 MP: 5/5
  2804 | D:4      | Found a shadowy altar of Dithmenos.
  2805 | D:4      | Noticed Robin
  2883 | D:3      | Killed from afar by an orc priest

Illustrated notes

Levels and vault maps discovered:
D:1:      dpeg_arrival_chambers_temple_mockup, layout_basic,
          minmay_small_reverse_x
D:2:      layout_basic, serial_park_tiny_pond, minmay_pentomino_pile
D:3:      layout_loops_ring, ebering_ecumenical_altar_mist, saegor_snake_ambush
D:4:      minmay_chambers_of_twos, layout_basic, marbit_many_paths,
          overflow_temple_1_default, old_standard_altar, uniq_robin

Skill      XL: |  1  2  3  4  5 |
---------------+----------------+-----
Dodging        | 3 |  3.6
Polearms       | 3 |  3.6
Armour         | 1 2 |  2.2
Fighting       | 3 |  3.3
Throwing       | |  1.7

Action                   |  1- 3 |  4- 6 || total
-------------------------+-------+-------++-------
Melee: Trident           |    76 |       ||    76
       Spear             |    50 |    79 ||   129
Throw: Throwing net      |     1 |       ||     1
  Use: Scroll            |     9 |     4 ||    13
       Potion            |     1 |     1 ||     2
 Stab: Sleeping          |     9 |     3 ||    12
       Distracted        |     1 |       ||     1
Armor: Leather armour    |    32 |    25 ||    57
Dodge: Dodged            |    47 |    61 ||   108

Table legend: (Time is in decaauts)
 A = Elapsed time spent in this place.
 B = Non-inter-level travel time spent in this place.
 C = Inter-level travel time spent in this place.
 D = Time resting spent in this place.
 E = Time spent auto-exploring this place.
 F = Levels seen in this place.
 G = Mean time per level.
                   A        B        C        D        E       F      G
               +--------+--------+--------+--------+--------+-----+--------+
         Total |   2951 |   2888 |     63 |     77 |   2170 |   4 |  737.8 |
       Dungeon |   2951 |   2888 |     63 |     77 |   2170 |   4 |  737.8 |
               +--------+--------+--------+--------+--------+-----+--------+

Top non-repeatable levels by time:
     D:3: 1080 daAuts
     D:1: 941 daAuts
     D:2: 925 daAuts
     D:4: 4 daAuts
